2997 views
Uploaded 2020-03-26 23:41:25
Game version 1.32.3
32:19 long 3on3 ladder game on (6)GnollWood
Saved by BEARAND
2997 views
Uploaded 2020-03-26 23:41:25
Game version 1.32.3
32:19 long 3on3 ladder game on (6)GnollWood


145 units @ 23.6k
/ 3.6k
74 buildings @ 9.6k
/ 5k


| Rod of Necromancy | 1 | 150 |
| Dust of Appearance | 1 | 75 |
| total: | 2 | 225g |
| Acolyte | 5 | 375 | / | 0 |
| Ghoul | 6 | 720 | / | 0 |
| Crypt Fiend | 6 | 1290 | / | 240 |
| Necromancer | 9 | 1305 | / | 180 |
| Meat Wagon | 14 | 3220 | / | 700 |
| Frost Wyrm | 3 | 1155 | / | 360 |
| total: | 43 | 8065g | / | 1480w |
| Nerubian Tower | 1 | 100 | / | 20 |
| Spirit Tower | 1 | 145 | / | 40 |
| Altar of Darkness | 1 | 180 | / | 50 |
| Crypt | 1 | 200 | / | 50 |
| Ziggurat | 6 | 900 | / | 300 |
| Tomb of Relics | 1 | 130 | / | 30 |
| Graveyard | 1 | 215 | / | 0 |
| Temple of the Damned | 1 | 155 | / | 140 |
| Slaughterhouse | 1 | 140 | / | 135 |
| Sacrificial Pit | 1 | 75 | / | 150 |
| Boneyard | 2 | 350 | / | 400 |
| Halls of the Dead | 1 | 320 | / | 210 |
| Black Citadel | 1 | 325 | / | 230 |
| total: | 15 | 2345g | / | 1255w |
| 0:08 | Acolyte |
| 0:12 | Altar of Darkness |
| 0:19 | Crypt |
| 0:28 | Ziggurat |
| 0:39 | Acolyte |
| 0:57 | Tomb of Relics |
| 1:23 | Ghoul |
| 1:28 | Ziggurat |
| 1:42 | Ghoul |
| 2:11 | Graveyard |
| 2:15 | Ghoul |
| 2:38 | Rod of Necromancy |
| 2:43 | Death Coil |
| 2:49 | Ghoul |
| 3:34 | Nerubian Tower |
| 3:36 | Crypt Fiend |
| 3:36 | Crypt Fiend |
| 4:10 | Halls of the Dead |
| 4:46 | Unholy Aura |
| 5:00 | Ziggurat |
| 5:06 | Crypt Fiend |
| 5:07 | Crypt Fiend |
| 6:14 | Crypt Fiend |
| 6:15 | Crypt Fiend |
| 6:37 | Temple of the Damned |
| 7:02 | Ghoul |
| 7:03 | Web |
| 7:19 | Ghoul |
| 7:54 | Acolyte |
| 7:54 | Acolyte |
| 8:06 | Ziggurat |
| 8:15 | Necromancer |
| 8:15 | Necromancer |
| 8:30 | Spirit Tower |
| 8:40 | Slaughterhouse |
| 9:09 | Necromancer Adept Training |
| 9:09 | Necromancer |
| 10:08 | Meat Wagon |
| 10:08 | Meat Wagon |
| 10:08 | Meat Wagon |
| 10:38 | Necromancer |
| 10:38 | Necromancer |
| 10:49 | Ziggurat |
| 11:16 | Ziggurat |
| 11:53 | Acolyte |
| 12:01 | Skeletal Mastery |
| 12:02 | Necromancer |
| 12:30 | Meat Wagon |
| 12:30 | Meat Wagon |
| 13:41 | Unholy Strength |
| 14:23 | Exhume Corpses |
| 14:52 | Death Coil |
| 15:00 | Black Citadel |
| 17:21 | Meat Wagon |
| 17:21 | Meat Wagon |
| 17:21 | Meat Wagon |
| 18:27 | Necromancer Master Training |
| 18:28 | Necromancer |
| 18:28 | Necromancer |
| 18:31 | Meat Wagon |
| 18:32 | Meat Wagon |
| 18:37 | Dust of Appearance |
| 19:00 | Sacrificial Pit |
| 19:18 | Meat Wagon |
| 19:32 | Necromancer |
| 19:34 | Unholy Armor |
| 19:34 | Improved Unholy Strength |
| 19:50 | Frost Armor |
| 25:37 | Meat Wagon |
| 25:37 | Meat Wagon |
| 25:37 | Meat Wagon |
| 28:34 | Boneyard |
| 28:39 | Boneyard |
| 29:52 | Freezing Breath |
| 29:53 | Frost Wyrm |
| 29:54 | Frost Wyrm |
| 29:55 | Frost Wyrm |
| Right click | 1366 |
| Select | 301 |
| Select group | 237 |
| Chat | 91 |
| Build/train/purchase | 81 |
| Assign group | 30 |
| Use ability | 13 |
| Misc. action | 10 |
| Minimap ping | 8 |
| Resource trade | 6 |
| Remove unit | 1 |



| Staff of Sanctuary | 1 | 250 |
| Dust of Appearance | 1 | 75 |
| total: | 2 | 325g |
| Peasant | 19 | 1425 | / | 0 |
| Footman | 5 | 675 | / | 0 |
| Spell Breaker | 7 | 1505 | / | 210 |
| Priest | 1 | 135 | / | 10 |
| Sorceress | 5 | 775 | / | 100 |
| Knight | 2 | 490 | / | 120 |
| Ogre Mauler | 1 | 300 | / | 0 |
| total: | 40 | 5305g | / | 440w |
| Scout Tower | 9 | 270 | / | 180 |
| Arcane Tower | 1 | 70 | / | 50 |
| Guard Tower | 4 | 280 | / | 200 |
| Altar of Kings | 1 | 180 | / | 50 |
| Barracks | 1 | 160 | / | 60 |
| Farm | 10 | 800 | / | 200 |
| Arcane Vault | 1 | 130 | / | 30 |
| Lumber Mill | 1 | 120 | / | 0 |
| Blacksmith | 1 | 140 | / | 60 |
| Town Hall | 1 | 385 | / | 205 |
| Arcane Sanctum | 5 | 750 | / | 700 |
| Gryphon Aviary | 2 | 280 | / | 300 |
| Keep | 1 | 320 | / | 210 |
| Castle | 1 | 360 | / | 210 |
| total: | 32 | 3215g | / | 1785w |
| 0:04 | Peasant |
| 0:04 | Peasant |
| 0:09 | Altar of Kings |
| 0:17 | Peasant |
| 0:21 | Barracks |
| 0:36 | Farm |
| 0:40 | Peasant |
| 0:51 | Farm |
| 0:53 | Peasant |
| 1:07 | Peasant |
| 1:23 | Footman |
| 1:29 | Farm |
| 1:36 | Peasant |
| 1:50 | Footman |
| 1:57 | Peasant |
| 2:11 | Arcane Vault |
| 2:26 | Summon Water Elemental |
| 2:30 | Footman |
| 2:57 | Keep |
| 3:15 | Scout Tower |
| 3:40 | Footman |
| 3:43 | Arcane Tower |
| 3:47 | Lumber Mill |
| 4:07 | Footman |
| 4:17 | Brilliance Aura |
| 4:25 | Dust of Appearance |
| 5:01 | Blacksmith |
| 6:08 | Arcane Sanctum |
| 6:09 | Arcane Sanctum |
| 6:12 | Peasant |
| 6:12 | Peasant |
| 6:16 | Farm |
| 6:17 | Farm |
| 6:19 | Arcane Sanctum |
| 6:21 | Arcane Sanctum |
| 6:24 | Peasant |
| 6:42 | Arcane Sanctum |
| 7:13 | Farm |
| 7:43 | Ogre Mauler |
| 7:50 | Spell Breaker |
| 8:00 | Summon Water Elemental |
| 8:07 | Storm Bolt |
| 8:40 | Spell Breaker |
| 9:51 | Spell Breaker |
| 9:52 | Castle |
| 10:14 | Long Rifles |
| 10:22 | Iron Forged Swords |
| 10:22 | Iron Plating |
| 10:56 | Town Hall |
| 11:02 | Priest Adept Training |
| 11:03 | Priest |
| 11:07 | Farm |
| 11:07 | Farm |
| 11:33 | Magic Sentry |
| 11:53 | Scout Tower |
| 11:54 | Scout Tower |
| 11:56 | Scout Tower |
| 11:57 | Scout Tower |
| 12:22 | Farm |
| 12:23 | Farm |
| 12:45 | Scout Tower |
| 12:46 | Scout Tower |
| 12:46 | Scout Tower |
| 12:47 | Scout Tower |
| 13:01 | Guard Tower |
| 13:15 | Guard Tower |
| 13:23 | Priest Master Training |
| 13:24 | Sorceress Adept Training |
| 13:25 | Sorceress |
| 13:28 | Steel Forged Swords |
| 13:40 | Guard Tower |
| 13:58 | Knight |
| 14:25 | Thunder Clap |
| 14:38 | Guard Tower |
| 14:55 | Holy Light |
| 14:58 | Brilliance Aura |
| 15:03 | Sorceress Master Training |
| 15:18 | Peasant |
| 15:18 | Peasant |
| 15:18 | Peasant |
| 15:21 | Staff of Sanctuary |
| 17:53 | Sorceress |
| 17:54 | Sorceress |
| 17:57 | Spell Breaker |
| 17:57 | Spell Breaker |
| 17:57 | Spell Breaker |
| 18:09 | Peasant |
| 18:09 | Peasant |
| 18:31 | Knight |
| 18:34 | Mithril Forged Swords |
| 19:02 | Improved Masonry |
| 19:03 | Improved Lumber Harvesting |
| 20:01 | Peasant |
| 20:01 | Peasant |
| 20:02 | Peasant |
| 20:07 | Storm Bolt |
| 20:17 | Spell Breaker |
| 21:02 | Sorceress |
| 25:35 | Sorceress |
| 31:29 | Gryphon Aviary |
| 31:36 | Gryphon Aviary |
| Right click | 2559 |
| Select group | 1208 |
| Select | 689 |
| Build/train/purchase | 160 |
| Assign group | 77 |
| Minimap ping | 51 |
| Use ability | 43 |
| Misc. action | 25 |
| Chat | 9 |
| Esc | 5 |
| Resource trade | 5 |


| Lesser Clarity Potion | 4 | 280 |
| Scroll of Speed | 1 | 50 |
| Healing Salve | 1 | 100 |
| Potion of Mana | 1 | 200 |
| Orb of Lightning | 1 | 375 |
| Circlet of Nobility | 1 | 175 |
| total: | 9 | 1180g |
| Peon | 17 | 1275 | / | 0 |
| Grunt | 8 | 1600 | / | 0 |
| Raider | 7 | 1260 | / | 280 |
| Spirit Walker | 2 | 390 | / | 70 |
| Demolisher | 5 | 1100 | / | 250 |
| Kodo Beast | 3 | 765 | / | 180 |
| Tauren | 8 | 2240 | / | 640 |
| Shaman | 10 | 1300 | / | 200 |
| Troll Witch Doctor | 2 | 290 | / | 50 |
| total: | 62 | 10220g | / | 1670w |
| Watch Tower | 10 | 1100 | / | 800 |
| Altar of Storms | 1 | 180 | / | 50 |
| Orc Burrow | 9 | 1440 | / | 360 |
| Barracks | 1 | 180 | / | 50 |
| Voodoo Lounge | 1 | 130 | / | 30 |
| War Mill | 1 | 205 | / | 0 |
| Great Hall | 1 | 385 | / | 185 |
| Beastiary | 1 | 145 | / | 140 |
| Tauren Totem | 1 | 135 | / | 155 |
| Spirit Lodge | 1 | 150 | / | 150 |
| Stronghold | 2 | 630 | / | 380 |
| Fortress | 2 | 650 | / | 380 |
| total: | 27 | 4050g | / | 1920w |
| 0:02 | Peon |
| 0:02 | Peon |
| 0:04 | Altar of Storms |
| 0:12 | Peon |
| 0:14 | Orc Burrow |
| 0:37 | Barracks |
| 0:45 | Peon |
| 0:45 | Peon |
| 0:59 | Peon |
| 1:11 | Peon |
| 1:26 | Orc Burrow |
| 1:38 | Grunt |
| 1:38 | Grunt |
| 1:52 | Voodoo Lounge |
| 1:58 | Peon |
| 2:10 | Wind Walk |
| 2:22 | Grunt |
| 2:33 | Circlet of Nobility |
| 2:59 | Grunt |
| 3:01 | Stronghold |
| 3:26 | Grunt |
| 3:49 | Orc Burrow |
| 4:11 | Grunt |
| 4:33 | Critical Strike |
| 4:54 | Grunt |
| 4:57 | War Mill |
| 5:52 | Beastiary |
| 5:55 | Tauren Totem |
| 6:14 | Orc Burrow |
| 6:15 | Berserker Strength |
| 6:27 | Lesser Clarity Potion |
| 6:28 | Scroll of Speed |
| 6:29 | Healing Salve |
| 6:45 | Hex |
| 7:02 | Raider |
| 7:02 | Ensnare |
| 7:17 | Spirit Walker |
| 7:18 | Spirit Walker Adept Training |
| 7:37 | Steel Armor |
| 8:06 | Raider |
| 8:44 | Raider |
| 8:45 | Spirit Walker |
| 9:22 | Pillage |
| 9:36 | Demolisher |
| 9:39 | Orc Burrow |
| 10:12 | Peon |
| 10:50 | Peon |
| 10:50 | Peon |
| 10:59 | Demolisher |
| 11:57 | Great Hall |
| 12:42 | Watch Tower |
| 12:43 | Watch Tower |
| 12:43 | Watch Tower |
| 13:02 | Kodo Beast |
| 13:09 | Fortress |
| 13:14 | Watch Tower |
| 13:18 | Watch Tower |
| 13:33 | Reinforced Defenses |
| 14:15 | Watch Tower |
| 14:17 | Watch Tower |
| 14:21 | Lesser Clarity Potion |
| 14:41 | Healing Wave |
| 15:10 | Peon |
| 15:10 | Peon |
| 15:11 | Peon |
| 15:18 | Kodo Beast |
| 16:05 | Grunt |
| 16:33 | Tauren |
| 16:34 | Tauren |
| 16:36 | Orc Burrow |
| 17:43 | Wind Walk |
| 18:06 | Tauren |
| 18:08 | Spirit Lodge |
| 18:14 | Peon |
| 18:15 | Peon |
| 18:15 | Peon |
| 18:38 | Watch Tower |
| 18:47 | Raider |
| 18:48 | Raider |
| 19:24 | Shaman |
| 19:25 | Shaman Adept Training |
| 19:32 | Shaman |
| 19:32 | Shaman |
| 19:35 | Orc Burrow |
| 19:36 | Thorium Armor |
| 19:37 | Steel Melee Weapons |
| 19:59 | Healing Wave |
| 20:09 | Watch Tower |
| 20:28 | Lesser Clarity Potion |
| 20:29 | Potion of Mana |
| 20:31 | Orb of Lightning |
| 20:36 | Orc Burrow |
| 21:00 | Shaman Master Training |
| 21:03 | Shaman |
| 21:03 | Shaman |
| 21:03 | Shaman |
| 21:10 | War Drums Damage Increase |
| 21:11 | Kodo Beast |
| 22:46 | Tauren |
| 22:46 | Pulverize |
| 22:50 | Raider |
| 22:50 | Raider |
| 23:54 | Watch Tower |
| 23:59 | Orc Burrow |
| 24:01 | Shaman |
| 24:01 | Shaman |
| 25:35 | Tauren |
| 25:36 | Tauren |
| 25:37 | Arcanite Armor |
| 25:38 | Shaman |
| 25:39 | Shaman |
| 26:38 | Tauren |
| 26:39 | Thorium Melee Weapons |
| 26:49 | Troll Witch Doctor |
| 26:49 | Troll Witch Doctor |
| 28:58 | Tauren |
| 29:03 | Demolisher |
| 29:04 | Burning Oil |
| 29:04 | Demolisher |
| 30:45 | Lesser Clarity Potion |
| 31:54 | Demolisher |
| Right click | 2899 |
| Select group | 1382 |
| Select | 637 |
| Build/train/purchase | 148 |
| Use ability | 61 |
| Assign group | 28 |
| Minimap ping | 13 |
| Misc. action | 4 |
| Item give/drop | 4 |
| Remove unit | 4 |
| Chat | 4 |
60 units @ 6.9k
/ 0.8k
192 buildings @ 13.8k
/ 7.9k



| Orb of Corruption | 3 | 1125 |
| Boots of Speed | 3 | 750 |
| Staff of Teleportation | 3 | 450 |
| Circlet of Nobility | 2 | 350 |
| Staff of Sanctuary | 3 | 750 |
| Healing Salve | 1 | 100 |
| total: | 15 | 3525g |
| Acolyte | 2 | 150 | / | 0 |
| Ghoul | 7 | 840 | / | 0 |
| Obsidian Statue | 4 | 800 | / | 140 |
| total: | 13 | 1790g | / | 140w |
| Nerubian Tower | 1 | 100 | / | 20 |
| Spirit Tower | 2 | 290 | / | 80 |
| Altar of Darkness | 1 | 180 | / | 50 |
| Ziggurat | 4 | 600 | / | 200 |
| Crypt | 1 | 200 | / | 50 |
| Graveyard | 1 | 215 | / | 0 |
| Tomb of Relics | 2 | 260 | / | 60 |
| Slaughterhouse | 1 | 140 | / | 135 |
| Sacrificial Pit | 1 | 75 | / | 150 |
| Halls of the Dead | 1 | 320 | / | 210 |
| Black Citadel | 1 | 325 | / | 230 |
| total: | 11 | 1670g | / | 645w |
| 0:01 | Acolyte |
| 0:04 | Acolyte |
| 0:07 | Altar of Darkness |
| 0:29 | Ziggurat |
| 0:34 | Crypt |
| 0:55 | Graveyard |
| 1:16 | Ziggurat |
| 1:36 | Ghoul |
| 1:50 | Ghoul |
| 2:00 | Tomb of Relics |
| 2:14 | Ghoul |
| 2:18 | Death Coil |
| 2:27 | Ghoul |
| 2:43 | Ghoul |
| 3:08 | Ghoul |
| 3:28 | Ghoul |
| 3:58 | Halls of the Dead |
| 4:16 | Nerubian Tower |
| 4:36 | Boots of Speed |
| 4:50 | Staff of Teleportation |
| 5:30 | Ziggurat |
| 6:20 | Unholy Aura |
| 6:41 | Black Citadel |
| 7:35 | Frost Nova |
| 8:01 | Boots of Speed |
| 8:01 | Staff of Teleportation |
| 8:40 | Spirit Tower |
| 8:44 | Ziggurat |
| 9:34 | Orb of Corruption |
| 9:58 | Slaughterhouse |
| 11:07 | Obsidian Statue |
| 11:45 | Carrion Swarm |
| 12:48 | Orb of Corruption |
| 12:54 | Tomb of Relics |
| 12:56 | Spirit Tower |
| 13:02 | Boots of Speed |
| 13:03 | Circlet of Nobility |
| 13:16 | Obsidian Statue |
| 14:20 | Death Coil |
| 14:34 | Frost Armor |
| 15:46 | Vampiric Aura |
| 17:25 | Frost Nova |
| 18:46 | Orb of Corruption |
| 18:54 | Obsidian Statue |
| 18:54 | Obsidian Statue |
| 18:56 | Staff of Sanctuary |
| 19:07 | Healing Salve |
| 19:23 | Circlet of Nobility |
| 20:45 | Ghoul Frenzy |
| 21:00 | Staff of Sanctuary |
| 21:49 | Staff of Teleportation |
| 25:21 | Unholy Aura |
| 25:34 | Sacrificial Pit |
| 26:27 | Carrion Swarm |
| 28:28 | Frost Armor |
| 29:48 | Staff of Sanctuary |
| Right click | 2452 |
| Select group | 1318 |
| Select | 346 |
| Assign group | 273 |
| Use ability | 128 |
| Build/train/purchase | 114 |
| Resource trade | 90 |
| Chat | 72 |
| Misc. action | 54 |
| Item give/drop | 6 |
| Minimap ping | 6 |
| Remove unit | 2 |


| Healing Salve | 3 | 300 |
| Lesser Clarity Potion | 9 | 630 |
| Orb of Lightning | 1 | 375 |
| Circlet of Nobility | 2 | 350 |
| Boots of Speed | 2 | 500 |
| Staff of Teleportation | 2 | 300 |
| Staff of Sanctuary | 2 | 500 |
| Orb of Corruption | 1 | 375 |
| total: | 22 | 3330g |
| Peon | 10 | 750 | / | 0 |
| Troll Batrider | 12 | 1920 | / | 480 |
| total: | 22 | 2670g | / | 480w |
| Watch Tower | 42 | 4620 | / | 3360 |
| Altar of Storms | 1 | 180 | / | 50 |
| Orc Burrow | 5 | 800 | / | 200 |
| Voodoo Lounge | 3 | 390 | / | 90 |
| War Mill | 1 | 205 | / | 0 |
| Beastiary | 2 | 290 | / | 280 |
| Stronghold | 1 | 315 | / | 190 |
| Fortress | 1 | 325 | / | 190 |
| total: | 54 | 6485g | / | 3980w |
| 0:04 | Peon |
| 0:04 | Peon |
| 0:08 | Altar of Storms |
| 0:14 | Orc Burrow |
| 0:18 | Peon |
| 0:31 | Peon |
| 0:55 | Voodoo Lounge |
| 1:03 | Peon |
| 1:15 | War Mill |
| 1:20 | Peon |
| 1:20 | Peon |
| 1:30 | Peon |
| 1:45 | Orc Burrow |
| 1:51 | Peon |
| 2:02 | Peon |
| 2:09 | Wind Walk |
| 2:11 | Healing Salve |
| 2:15 | Lesser Clarity Potion |
| 2:16 | Lesser Clarity Potion |
| 2:31 | Watch Tower |
| 2:33 | Watch Tower |
| 2:48 | Watch Tower |
| 3:37 | Circlet of Nobility |
| 3:40 | Boots of Speed |
| 3:43 | Staff of Teleportation |
| 3:58 | Voodoo Lounge |
| 4:04 | Watch Tower |
| 4:06 | Spiked Barricades |
| 4:06 | Improved Spiked Barricades |
| 4:38 | Stronghold |
| 5:08 | Watch Tower |
| 5:11 | Watch Tower |
| 5:13 | Watch Tower |
| 5:27 | Critical Strike |
| 6:06 | Voodoo Lounge |
| 6:14 | Watch Tower |
| 6:19 | Watch Tower |
| 6:21 | Watch Tower |
| 6:26 | Lesser Clarity Potion |
| 6:26 | Lesser Clarity Potion |
| 7:16 | Orc Burrow |
| 7:30 | Watch Tower |
| 7:54 | Fortress |
| 7:58 | Hex |
| 8:23 | Beastiary |
| 8:31 | Healing Salve |
| 8:33 | Lesser Clarity Potion |
| 8:40 | Watch Tower |
| 9:19 | Boots of Speed |
| 9:19 | Staff of Teleportation |
| 10:51 | Troll Batrider |
| 10:51 | Troll Batrider |
| 10:52 | Reinforced Defenses |
| 10:57 | Orb of Lightning |
| 11:07 | Watch Tower |
| 11:08 | Watch Tower |
| 11:10 | Watch Tower |
| 11:13 | Watch Tower |
| 11:14 | Watch Tower |
| 11:17 | Watch Tower |
| 11:36 | Troll Batrider |
| 11:39 | Orc Burrow |
| 12:29 | Troll Batrider |
| 12:29 | Troll Batrider |
| 12:47 | Staff of Sanctuary |
| 13:00 | Troll Batrider |
| 13:09 | Watch Tower |
| 13:26 | Troll Batrider |
| 13:54 | Watch Tower |
| 13:55 | Watch Tower |
| 14:20 | Wind Walk |
| 14:32 | Troll Batrider |
| 14:32 | Liquid Fire |
| 14:34 | Troll Batrider |
| 14:38 | Troll Batrider |
| 15:43 | Healing Wave |
| 16:19 | Watch Tower |
| 16:19 | Watch Tower |
| 16:20 | Watch Tower |
| 16:21 | Watch Tower |
| 16:22 | Watch Tower |
| 16:33 | Watch Tower |
| 17:53 | Watch Tower |
| 17:54 | Watch Tower |
| 17:55 | Watch Tower |
| 17:55 | Watch Tower |
| 18:11 | Troll Batrider |
| 18:11 | Troll Batrider |
| 18:41 | Circlet of Nobility |
| 18:52 | Watch Tower |
| 18:52 | Watch Tower |
| 18:55 | Lesser Clarity Potion |
| 18:55 | Healing Salve |
| 19:19 | Watch Tower |
| 19:29 | Steel Ranged Weapons |
| 19:50 | Staff of Sanctuary |
| 19:53 | Lesser Clarity Potion |
| 20:11 | Orb of Corruption |
| 24:27 | Healing Wave |
| 24:41 | Critical Strike |
| 25:04 | Thorium Ranged Weapons |
| 25:04 | Steel Armor |
| 25:17 | Watch Tower |
| 25:19 | Watch Tower |
| 25:21 | Watch Tower |
| 25:22 | Watch Tower |
| 25:26 | Critical Strike |
| 25:51 | Beastiary |
| 27:22 | Lesser Clarity Potion |
| 27:28 | Lesser Clarity Potion |
| 27:46 | Orc Burrow |
| 30:42 | Watch Tower |
| 30:42 | Watch Tower |
| 31:14 | Watch Tower |
| 31:15 | Watch Tower |
| Right click | 2633 |
| Select group | 993 |
| Select | 266 |
| Build/train/purchase | 122 |
| Chat | 80 |
| Use ability | 62 |
| Misc. action | 39 |
| Minimap ping | 24 |
| Assign group | 14 |
| Item give/drop | 6 |
| Remove unit | 1 |



| Staff of Sanctuary | 3 | 750 |
| Scroll of Town Portal | 1 | 350 |
| Boots of Speed | 3 | 750 |
| Staff of Teleportation | 3 | 450 |
| Periapt of Vitality | 1 | 325 |
| Potion of Lesser Invulnerability | 1 | 150 |
| Healing Salve | 1 | 100 |
| Orb of Corruption | 3 | 1125 |
| total: | 16 | 4000g |
| Peasant | 19 | 1425 | / | 0 |
| Priest | 2 | 270 | / | 20 |
| Sorceress | 1 | 155 | / | 20 |
| Dragonhawk Rider | 3 | 600 | / | 90 |
| total: | 25 | 2450g | / | 130w |
| Scout Tower | 110 | 3300 | / | 2200 |
| Arcane Tower | 18 | 1260 | / | 900 |
| Guard Tower | 104 | 7280 | / | 5200 |
| Altar of Kings | 1 | 180 | / | 50 |
| Farm | 5 | 400 | / | 100 |
| Lumber Mill | 1 | 120 | / | 0 |
| Town Hall | 1 | 385 | / | 205 |
| Arcane Vault | 4 | 520 | / | 120 |
| Blacksmith | 1 | 140 | / | 60 |
| Barracks | 1 | 160 | / | 60 |
| Arcane Sanctum | 1 | 150 | / | 140 |
| Gryphon Aviary | 2 | 280 | / | 300 |
| Keep | 2 | 640 | / | 420 |
| Castle | 2 | 720 | / | 420 |
| total: | 127 | 5635g | / | 3235w |
| 0:01 | Peasant |
| 0:01 | Peasant |
| 0:03 | Peasant |
| 0:15 | Altar of Kings |
| 0:18 | Farm |
| 0:19 | Peasant |
| 0:33 | Peasant |
| 0:45 | Lumber Mill |
| 0:48 | Scout Tower |
| 0:50 | Scout Tower |
| 0:53 | Scout Tower |
| 0:56 | Peasant |
| 1:14 | Peasant |
| 1:26 | Scout Tower |
| 1:27 | Scout Tower |
| 1:32 | Scout Tower |
| 1:34 | Farm |
| 1:43 | Arcane Tower |
| 1:48 | Peasant |
| 1:48 | Peasant |
| 1:49 | Peasant |
| 1:58 | Arcane Tower |
| 2:01 | Peasant |
| 2:12 | Guard Tower |
| 2:13 | Blizzard |
| 2:25 | Scout Tower |
| 2:26 | Scout Tower |
| 2:31 | Guard Tower |
| 2:32 | Scout Tower |
| 2:32 | Scout Tower |
| 3:04 | Guard Tower |
| 3:06 | Guard Tower |
| 3:07 | Scout Tower |
| 3:07 | Peasant |
| 3:07 | Peasant |
| 3:08 | Peasant |
| 3:23 | Scout Tower |
| 3:23 | Scout Tower |
| 3:32 | Scout Tower |
| 3:33 | Guard Tower |
| 3:48 | Improved Masonry |
| 3:50 | Scout Tower |
| 3:51 | Scout Tower |
| 3:53 | Keep |
| 3:56 | Boots of Speed |
| 4:12 | Guard Tower |
| 4:14 | Farm |
| 4:15 | Farm |
| 4:24 | Guard Tower |
| 4:24 | Guard Tower |
| 4:24 | Guard Tower |
| 4:26 | Scout Tower |
| 4:27 | Scout Tower |
| 4:34 | Guard Tower |
| 4:48 | Healing Salve |
| 4:55 | Guard Tower |
| 4:57 | Scout Tower |
| 4:57 | Scout Tower |
| 5:11 | Staff of Teleportation |
| 6:05 | Guard Tower |
| 6:17 | Advanced Masonry |
| 6:17 | Improved Lumber Harvesting |
| 6:57 | Scout Tower |
| 6:57 | Scout Tower |
| 6:58 | Scout Tower |
| 6:58 | Scout Tower |
| 6:58 | Scout Tower |
| 6:59 | Scout Tower |
| 6:59 | Scout Tower |
| 6:59 | Scout Tower |
| 7:21 | Storm Bolt |
| 7:35 | Guard Tower |
| 7:35 | Guard Tower |
| 7:44 | Town Hall |
| 7:46 | Scout Tower |
| 7:46 | Scout Tower |
| 7:47 | Scout Tower |
| 7:47 | Scout Tower |
| 7:48 | Scout Tower |
| 7:48 | Scout Tower |
| 8:00 | Guard Tower |
| 8:01 | Guard Tower |
| 8:11 | Guard Tower |
| 8:24 | Brilliance Aura |
| 8:30 | Guard Tower |
| 8:30 | Guard Tower |
| 8:40 | Guard Tower |
| 8:42 | Guard Tower |
| 8:43 | Guard Tower |
| 8:44 | Scout Tower |
| 8:45 | Scout Tower |
| 8:46 | Scout Tower |
| 8:46 | Scout Tower |
| 8:46 | Scout Tower |
| 8:50 | Scout Tower |
| 8:51 | Scout Tower |
| 8:51 | Scout Tower |
| 8:53 | Guard Tower |
| 8:55 | Scout Tower |
| 8:56 | Scout Tower |
| 9:18 | Guard Tower |
| 9:22 | Guard Tower |
| 9:23 | Guard Tower |
| 9:36 | Scout Tower |
| 9:36 | Scout Tower |
| 9:37 | Scout Tower |
| 9:37 | Scout Tower |
| 9:38 | Scout Tower |
| 9:39 | Scout Tower |
| 9:40 | Scout Tower |
| 9:45 | Scout Tower |
| 9:46 | Scout Tower |
| 9:47 | Scout Tower |
| 9:49 | Scout Tower |
| 9:51 | Scout Tower |
| 9:55 | Arcane Sanctum |
| 10:22 | Castle |
| 10:31 | Guard Tower |
| 10:32 | Guard Tower |
| 10:38 | Guard Tower |
| 10:44 | Guard Tower |
| 10:53 | Guard Tower |
| 10:53 | Guard Tower |
| 10:58 | Guard Tower |
| 11:01 | Guard Tower |
| 11:09 | Arcane Vault |
| 11:18 | Guard Tower |
| 11:20 | Scout Tower |
| 11:21 | Scout Tower |
| 11:28 | Guard Tower |
| 11:29 | Scout Tower |
| 11:30 | Scout Tower |
| 11:31 | Guard Tower |
| 11:34 | Farm |
| 11:35 | Magic Sentry |
| 11:41 | Guard Tower |
| 11:55 | Guard Tower |
| 12:20 | Scout Tower |
| 12:21 | Scout Tower |
| 12:21 | Scout Tower |
| 12:22 | Scout Tower |
| 12:25 | Guard Tower |
| 12:26 | Priest |
| 12:30 | Boots of Speed |
| 12:30 | Staff of Teleportation |
| 12:37 | Periapt of Vitality |
| 12:42 | Potion of Lesser Invulnerability |
| 12:48 | Arcane Vault |
| 12:55 | Arcane Vault |
| 13:02 | Guard Tower |
| 13:03 | Guard Tower |
| 13:21 | Arcane Vault |
| 13:50 | Guard Tower |
| 13:51 | Guard Tower |
| 13:51 | Guard Tower |
| 13:54 | Gryphon Aviary |
| 13:56 | Gryphon Aviary |
| 13:56 | Imbued Masonry |
| 14:06 | Scout Tower |
| 14:06 | Scout Tower |
| 14:07 | Arcane Tower |
| 14:18 | Bash |
| 14:20 | Arcane Tower |
| 14:22 | Scout Tower |
| 14:23 | Scout Tower |
| 14:23 | Scout Tower |
| 14:24 | Scout Tower |
| 14:25 | Scout Tower |
| 14:26 | Scout Tower |
| 14:31 | Guard Tower |
| 14:31 | Arcane Tower |
| 14:35 | Staff of Sanctuary |
| 14:37 | Holy Light |
| 14:41 | Staff of Sanctuary |
| 15:03 | Orb of Corruption |
| 15:23 | Orb of Corruption |
| 15:50 | Boots of Speed |
| 15:50 | Staff of Teleportation |
| 16:02 | Blizzard |
| 18:05 | Scout Tower |
| 18:05 | Scout Tower |
| 18:22 | Arcane Tower |
| 18:24 | Scout Tower |
| 18:25 | Scout Tower |
| 18:25 | Scout Tower |
| 18:26 | Scout Tower |
| 18:35 | Guard Tower |
| 18:36 | Guard Tower |
| 18:36 | Arcane Tower |
| 18:56 | Arcane Tower |
| 18:56 | Guard Tower |
| 19:00 | Priest Adept Training |
| 19:01 | Blacksmith |
| 19:03 | Barracks |
| 19:07 | Arcane Tower |
| 19:07 | Arcane Tower |
| 19:45 | Storm Bolt |
| 20:10 | Guard Tower |
| 20:11 | Guard Tower |
| 20:11 | Guard Tower |
| 20:16 | Peasant |
| 20:16 | Peasant |
| 20:16 | Peasant |
| 20:17 | Peasant |
| 20:29 | Guard Tower |
| 20:31 | Scout Tower |
| 20:32 | Scout Tower |
| 20:34 | Scout Tower |
| 20:34 | Scout Tower |
| 20:49 | Scout Tower |
| 20:50 | Scout Tower |
| 20:51 | Scout Tower |
| 20:51 | Scout Tower |
| 20:55 | Advanced Lumber Harvesting |
| 21:06 | Scout Tower |
| 21:07 | Scout Tower |
| 21:07 | Scout Tower |
| 21:09 | Scout Tower |
| 21:38 | Divine Shield |
| 21:49 | Sorceress |
| 21:50 | Sorceress Adept Training |
| 21:50 | Priest |
| 23:22 | Scout Tower |
| 23:22 | Scout Tower |
| 23:25 | Scout Tower |
| 23:26 | Scout Tower |
| 23:26 | Scout Tower |
| 23:27 | Scout Tower |
| 23:27 | Guard Tower |
| 23:38 | Animal War Training |
| 23:42 | Scroll of Town Portal |
| 23:43 | Staff of Sanctuary |
| 23:51 | Guard Tower |
| 24:33 | Peasant |
| 24:57 | Guard Tower |
| 24:59 | Scout Tower |
| 25:01 | Scout Tower |
| 25:01 | Scout Tower |
| 25:04 | Scout Tower |
| 25:04 | Scout Tower |
| 25:05 | Scout Tower |
| 25:08 | Guard Tower |
| 25:08 | Guard Tower |
| 25:08 | Guard Tower |
| 25:27 | Guard Tower |
| 25:35 | Guard Tower |
| 25:35 | Guard Tower |
| 25:38 | Orb of Corruption |
| 25:53 | Guard Tower |
| 25:54 | Arcane Tower |
| 25:54 | Guard Tower |
| 25:56 | Scout Tower |
| 26:23 | Guard Tower |
| 27:38 | Guard Tower |
| 29:37 | Iron Forged Swords |
| 29:37 | Studded Leather Armor |
| 29:46 | Dragonhawk Rider |
| 29:46 | Cloud |
| 29:49 | Dragonhawk Rider |
| 29:49 | Dragonhawk Rider |
| 29:50 | Guard Tower |
| 30:35 | Scout Tower |
| 30:35 | Scout Tower |
| 31:02 | Guard Tower |
| 31:12 | Brilliance Aura |
| 31:46 | Scout Tower |
| 31:46 | Scout Tower |
| 31:47 | Scout Tower |
| 31:48 | Scout Tower |
| 31:48 | Scout Tower |
| 32:19 | Holy Light |
| Right click | 3843 |
| Select | 1147 |
| Select group | 367 |
| Build/train/purchase | 265 |
| Use ability | 112 |
| Chat | 46 |
| Misc. action | 26 |
| Assign group | 16 |
| Minimap ping | 5 |
| Item give/drop | 4 |
| Remove unit | 1 |
⇛